[Event "III Menorca Open-A 2024"]
[Site "Ciutadella Menorca"]
[Date "2024.04.04"]
[Round "4.20"]
[White "Sanal, Vahap"]
[Black "Makkar, Rajat"]
[Result "0-1"]
[ECO "C50"]
[WhiteElo "2565"]
[BlackElo "2452"]
[Annotator "TA"]
[PlyCount "74"]
[EventDate "2024.04.02"]
[EventType "swiss"]
[EventCountry "ESP"]
[SourceTitle "playchess.com"]
[Source "ChessBase"]
[SourceQuality "1"]
[TimeControl "5400+30"]

1. e4 e5 2. Nf3 Nc6 3. Bc4 Nf6 4. d3 Bc5 5. Nc3 h6 6. h3 a6 7. a4 d6 8. Be3 Bxe3 {[%emt 0:04:10] The position is equal.} 9. fxe3 Be6 10. Nd5 Bxd5 11. exd5 Ne7 12. e4 Ng6 13. O-O O-O 14. Nd2 Nh7 15. g3 Qd7 16. Kg2 Ne7 17. Qe2 Ng5 18. Rh1 (18. Qh5 {is interesting.} f5 19. c3 f4 20. Qg4) 18... f5 19. h4 (19. Bb3 $15) 19... Nh7 $17 20. d4 exd4 21. e5 f4 22. e6 Qe8 23. Raf1 Qg6 (23... Rf5 $19 {...Nf6 is the strong threat.} 24. Rxf4 Rxf4 25. gxf4 Nf6 (25... Qxa4 26. b3 $17)) 24. Rh3 $2 {[%emt 0:00:21] Now White is beyond hope.} (24. Rf3 $17 {was necessary.}) 24... Nf6 25. Bd3 Qh5 {[%emt 0:00:51] Threatens to win with ...Qxe2+.} 26. Rxf4 Qxd5+ 27. Kg1 Qe5 28. Rh2 {[%emt 0:01:05] [#]} Ned5 $1 29. Qxe5 dxe5 30. Rf5 (30. Rf3 $142) 30... Ng4 $19 31. Re2 {[%emt 0:00:09] [#]} Nde3 {[%emt 0:00:18] Repels Nc4. Excellent horsemanship.} 32. Rxf8+ Kxf8 33. Be4 Rb8 34. c3 c5 35. Bf3 Ke7 36. Ne4 b6 ({Weaker is} 36... Kxe6 37. Nxc5+ Kd6 38. Nxb7+ Kc7 39. Nc5 $11) 37. a5 (37. Re1 $142) 37... Nf6 {[%emt 0:00:13] Weighted Error Value: White=0.31/Black=0.13 (very precise) .  Loses game:     	White=1     	---        Mistake:       	White=3     	Black=1      Inaccurate:     	White=2     	Black=1      OK:         	White=6     	Black=18     Best:        	White=1     	Black=1} ({Less strong is} 37... Kxe6 38. axb6 Rxb6 39. Nxc5+ Kd6 40. Ne4+ Kc7 41. cxd4 exd4 42. Nc5 $17) (37... bxa5 38. Bxg4 Nxg4 39. Nxc5 $19) 0-1

[Event "III Menorca Open-A 2024"]
[Site "Ciutadella Menorca"]
[Date "2024.04.04"]
[Round "4.21"]
[White "Sosa, Tomas"]
[Black "Tarhan, Adar"]
[Result "1-0"]
[ECO "C50"]
[WhiteElo "2562"]
[BlackElo "2446"]
[Annotator "TA"]
[PlyCount "55"]
[EventDate "2024.04.02"]
[EventType "swiss"]
[EventCountry "ESP"]
[SourceTitle "playchess.com"]
[Source "ChessBase"]
[SourceQuality "1"]
[TimeControl "5400+30"]

1. e4 e5 2. Nf3 Nc6 3. Bc4 Bc5 4. d3 Nf6 5. Nbd2 O-O 6. h3 a6 7. Bb3 b5 8. O-O {[%emt 0:01:46] The position is equal.} Bb7 9. Re1 Bb6 10. c3 h6 11. Nf1 d5 12. exd5 Nxd5 13. Ng3 (13. Nxe5 Nxe5 14. Rxe5 Bxf2+ 15. Kh1 (15. Kxf2 $2 Qf6+ 16. Kg1 Qxe5 $19) 15... Nf6 $15) 13... Nf4 ({Black should try} 13... b4 $1 $14) 14. d4 $1 $16 Qf6 (14... Ng6 $16 {is a better defense.}) 15. Ne4 $18 (15. Nxe5 Nxe5 16. Bxf4 Nf3+ 17. gxf3 Qxf4 $11) 15... Qg6 (15... Qd8 {was necessary.} 16. Nxe5 Nxe5) 16. Bxf4 (16. dxe5 $2 Qxg2#) 16... exf4 17. Nh4 Qh7 18. Bc2 {[%emt 0:02:32][%cal Oe4f6] Threatens to win with Nf6+!} (18. Qg4 Kh8 19. Qxf4 Na5 $18) 18... Qh8 19. Qg4 g5 {[%emt 0:04:52] [#]} (19... g6 $142 20. Bb3 (20. Qxf4 Qg7 $18) 20... Qg7 21. Nxg6 Na5) 20. Qf5 $1 {[%emt 0:06:14] Threatening mate with Nf6+.} Bc8 (20... Kg7 21. Nxg5) 21. Nf6+ Kg7 22. Nh5+ {[%emt 0:00:14] Excellent horsemanship.} Kg8 23. Qd5 Nxd4 24. cxd4 {[%emt 0:05:53] [#] Re5 would now be deadly.} Qxd4 25. Qc6 Qxf2+ 26. Kh1 Bd4 27. Qe4 ({Not} 27. Qxa8 Qxc2 28. Qf3 gxh4 $14) (27. Ng6 $142 Qxc2 28. Ne7+ (28. Qxc2 Bxh3 29. Nxf8 Rxf8 $18) 28... Kh7 29. Qxc2+ Kh8 30. Qc6 (30. Qxc7 f3 $18) (30. Nxc8 Rfxc8 31. Qc6 Bg7 $18) 30... Bg7 31. Ng6+ (31. Qxa8 Bf5 $18) 31... Kh7 32. Nxf8+ Bxf8 33. Qxa8) 27... f5 28. Bb3+ {[%emt 0:00:07] Weighted Error Value: White=0.06 (flawless) /Black=0.80.  Mistake:       	---       	Black=4      Inaccurate:     	---       	Black=1      OK:         	White=5     	Black=2      Best:        	White=5     	Black=1      Strong:       	White=1     	---} 1-0

[Event "III Menorca Open-A 2024"]
[Site "Ciutadella Menorca"]
[Date "2024.04.04"]
[Round "4.22"]
[White "Yang, Sung-Jui"]
[Black "Cramling Bellon, Anna"]
[Result "0-1"]
[ECO "D37"]
[WhiteElo "1891"]
[BlackElo "2115"]
[Annotator "RC"]
[PlyCount "68"]
[EventDate "2024.04.02"]
[EventType "swiss"]
[EventCountry "ESP"]
[SourceTitle "playchess.com"]
[Source "ChessBase"]
[SourceQuality "1"]
[TimeControl "5400+30"]

1. d4 d5 2. Nf3 e6 3. c4 Be7 4. Nc3 Nf6 5. Bf4 O-O 6. e3 b6 7. Bd3 Bb7 8. cxd5 exd5 9. O-O c5 10. Ne5 Nbd7 11. Qf3 Nxe5 12. dxe5 Ne8 13. Qh3 g6 14. Bh6 Ng7 15. Rad1 Qc8 16. g4 f6 17. exf6 Bxf6 18. f4 Re8 19. f5 g5 20. Bc2 d4 21. exd4 cxd4 22. Bb3+ Kh8 23. Nd5 Qd8 24. Nxf6 Qxf6 25. Rfe1 Rad8 26. Bxg7+ Kxg7 27. Qh5 Rxe1+ 28. Rxe1 d3 29. Re8 Qd4+ 30. Kf1 Qf4+ 31. Kg1 Qc1+ 32. Kf2 Qd2+ 33. Kf1 Qg2+ 34. Ke1 d2+ 0-1

[Event "III Menorca Open-A 2024"]
[Site "Ciutadella Menorca"]
[Date "2024.04.04"]
[Round "4.23"]
[White "Laurent, Julien G."]
[Black "Prado, Alexandra"]
[Result "1-0"]
[ECO "E95"]
[WhiteElo "2277"]
[BlackElo "1877"]
[Annotator "RC"]
[PlyCount "91"]
[EventDate "2024.04.02"]
[EventType "swiss"]
[EventCountry "ESP"]
[SourceTitle "playchess.com"]
[Source "ChessBase"]
[SourceQuality "1"]
[TimeControl "5400+30"]

1. Nf3 Nf6 2. c4 g6 3. d4 Bg7 4. Nc3 O-O 5. e4 d6 6. Be2 e5 7. O-O h6 8. Rb1 Nbd7 9. Re1 Nh7 10. dxe5 dxe5 11. b4 Re8 12. c5 c6 13. Nd2 b5 14. cxb6 Nxb6 15. Nb3 Ng5 16. Qxd8 Rxd8 17. Na5 Bd7 18. Ba6 Bc8 19. Be2 Bd7 20. Bxg5 hxg5 21. Red1 Be8 22. Ba6 Bf8 23. Rdc1 Rd4 24. a3 Rad8 25. Nb3 R4d7 26. Nd1 f5 27. Ne3 f4 28. Ng4 Bg7 29. Nc5 Rd2 30. Ne6 R8d3 31. Bxd3 Rxd3 32. Rd1 Rxd1+ 33. Rxd1 Bd7 34. Rd6 Kf7 35. Nxg5+ Ke7 36. Rxg6 Bxg4 37. Rxg7+ Kf6 38. Rg8 Be2 39. h4 a6 40. f3 Bc4 41. Nh7+ Kf7 42. Rg5 Nd7 43. h5 Be6 44. h6 Bc4 45. Rg7+ Ke8 46. Ng5 1-0

[Event "III Menorca Open-A 2024"]
[Site "Ciutadella Menorca"]
[Date "2024.04.04"]
[Round "4.24"]
[White "Bradbury, Neil H"]
[Black "Saine, Zachary"]
[Result "1-0"]
[ECO "A46"]
[WhiteElo "2197"]
[BlackElo "2010"]
[Annotator "RC"]
[PlyCount "83"]
[EventDate "2024.04.02"]
[EventType "swiss"]
[EventCountry "ESP"]
[SourceTitle "playchess.com"]
[Source "ChessBase"]
[SourceQuality "1"]
[TimeControl "5400+30"]

1. d4 Nf6 2. Nf3 e6 3. Bg5 c5 4. e3 Nc6 5. Nbd2 b6 6. c3 h6 7. Bh4 g5 8. Bg3 Bb7 9. Bd3 Nh5 10. Be5 Nxe5 11. Nxe5 Nf6 12. O-O a6 13. e4 d6 14. Ng4 Bg7 15. Ne3 Nd7 16. d5 Ne5 17. Ndc4 Nxd3 18. Qxd3 b5 19. Nd2 c4 20. Qe2 Qe7 21. Rae1 O-O 22. Qh5 Qf6 23. dxe6 fxe6 24. Ng4 Qf4 25. Re3 Kh7 26. Nf3 Bc6 27. g3 Be8 28. Qh3 Qxf3 29. Rxf3 Rxf3 30. Ne3 Bd7 31. Qg4 Rf7 32. Rd1 Be5 33. Qh5 Be8 34. Qh3 Bd7 35. Ng4 Bg7 36. Rxd6 Raf8 37. Rxa6 e5 38. Rxh6+ Kg8 39. Rg6 Rxf2 40. Rxg7+ Kxg7 41. Qh6+ Kg8 42. Nxf2 1-0

[Event "III Menorca Open-A 2024"]
[Site "Ciutadella Menorca"]
[Date "2024.04.04"]
[Round "5.1"]
[White "Klimkowski, Jan"]
[Black "Aravindh, Chithambaram VR."]
[Result "1/2-1/2"]
[ECO "C60"]
[WhiteElo "2505"]
[BlackElo "2662"]
[Annotator "RC"]
[PlyCount "150"]
[EventDate "2024.04.02"]
[EventType "swiss"]
[EventCountry "ESP"]
[SourceTitle "playchess.com"]
[Source "ChessBase"]
[SourceQuality "1"]
[TimeControl "5400+30"]

1. e4 e5 2. Nf3 Nc6 3. Bb5 Nge7 4. O-O Ng6 5. d4 exd4 6. Nxd4 Bc5 7. Nf5 O-O 8. Be3 Bxe3 9. Nxe3 Nce7 10. Nc3 d6 11. f4 c6 12. Bc4 b5 13. Bb3 Kh8 14. f5 Ne5 15. Kh1 Ng8 16. a4 b4 17. Ne2 Nf6 18. Ng3 a5 19. Rf4 Ba6 20. h4 Qb6 21. Qd2 Rad8 22. Rd1 Rd7 23. Qf2 Qd8 24. Kg1 Re8 25. Ba2 h6 26. Bb3 d5 27. exd5 cxd5 28. Rfd4 Nc6 29. Rf4 d4 30. Ng4 Nxg4 31. Rxg4 Ne5 32. Re4 d3 33. c3 bxc3 34. bxc3 d2 35. Bc2 Bb7 36. Rf4 Nd3 37. Bxd3 Rxd3 38. Nf1 Rxc3 39. f6 Rc1 40. Rxd2 Qc7 41. fxg7+ Kg8 42. Qd4 Ba6 43. Rdf2 Rc4 44. Qf6 Rxf4 45. Qxh6 f6 46. Rxf4 Qxg7 47. Qxf6 Qxf6 48. Rxf6 Bxf1 49. Kxf1 Re4 50. g3 Rxa4 51. Kg2 Ra1 52. Ra6 a4 53. Ra7 a3 54. g4 a2 55. g5 Kh8 56. Kh2 Kg8 57. h5 Kh8 58. g6 Rb1 59. Rxa2 Rb5 60. Ra8+ Kg7 61. Ra7+ Kg8 62. Rh7 Rb3 63. Kg2 Ra3 64. Kf2 Rh3 65. Kf1 Rf3+ 66. Ke2 Rg3 67. Ke1 Re3+ 68. Kd2 Rh3 69. Kc2 Rg3 70. Kb1 Rb3+ 71. Ka2 Rg3 72. Kb2 Rh3 73. Kc2 Rg3 74. Kd2 Rh3 75. Ke2 Rg3 1/2-1/2

[Event "III Menorca Open-A 2024"]
[Site "Ciutadella Menorca"]
[Date "2024.04.04"]
[Round "5.2"]
[White "Sosa, Tomas"]
[Black "Erigaisi Arjun"]
[Result "1/2-1/2"]
[ECO "B85"]
[WhiteElo "2562"]
[BlackElo "2748"]
[Annotator "RC"]
[PlyCount "100"]
[EventDate "2024.04.02"]
[EventType "swiss"]
[EventCountry "ESP"]
[SourceTitle "playchess.com"]
[Source "ChessBase"]
[SourceQuality "1"]
[TimeControl "5400+30"]

1. e4 c5 2. Nf3 e6 3. d4 cxd4 4. Nxd4 Nf6 5. Nc3 Nc6 6. a3 d6 7. Be2 Be7 8. O-O O-O 9. Be3 Qc7 10. f4 a6 11. Qe1 Nxd4 12. Bxd4 b5 13. Qg3 Bb7 14. Kh1 Rad8 15. Rae1 Ne8 16. Qe3 Rd7 17. Bd3 Bf6 18. Bxf6 Nxf6 19. e5 Ne8 20. f5 exf5 21. Bxf5 Re7 22. e6 Nf6 23. exf7+ Rfxf7 24. Qh3 Rxe1 25. Rxe1 Re7 26. Qg3 Rxe1+ 27. Qxe1 Qc5 28. Bd3 Qg5 29. Bf1 Kf7 30. Qf2 Ke6 31. Ne2 Ne4 32. Qb6 Bd5 33. b3 Nc5 34. Qb8 Ke5 35. Qe8+ Be6 36. Ng1 Qf6 37. Qh5+ Qf5 38. Nf3+ Kf6 39. Qh4+ Kf7 40. b4 Nd7 41. Ng5+ Ke8 42. Bd3 Qf6 43. h3 Bd5 44. Qg3 h6 45. Ne4 Bxe4 46. Bxe4 Qe5 47. Qf3 Qa1+ 48. Kh2 Qe5+ 49. Kh1 Qa1+ 50. Kh2 Qe5+ 1/2-1/2

[Event "III Menorca Open-A 2024"]
[Site "Ciutadella Menorca"]
[Date "2024.04.04"]
[Round "5.3"]
[White "Nihal Sarin"]
[Black "Iermito, Sebastian"]
[Result "1-0"]
[ECO "C75"]
[WhiteElo "2698"]
[BlackElo "2511"]
[Annotator "RC"]
[PlyCount "125"]
[EventDate "2024.04.02"]
[EventType "swiss"]
[EventCountry "ESP"]
[SourceTitle "playchess.com"]
[Source "ChessBase"]
[SourceQuality "1"]
[TimeControl "5400+30"]

1. e4 e5 2. Nf3 Nc6 3. Bb5 a6 4. Ba4 d6 5. O-O Bd7 6. c3 Nge7 7. d4 Ng6 8. Re1 Be7 9. Be3 O-O 10. Nbd2 exd4 11. cxd4 d5 12. e5 Nb4 13. Bxd7 Qxd7 14. Nf1 Nc6 15. Qb3 Nd8 16. Ng3 c6 17. Bd2 Nh4 18. h3 f5 19. exf6 Nxf3+ 20. Qxf3 Rxf6 21. Qg4 Qxg4 22. hxg4 Re6 23. f4 Kf7 24. Nf5 Rxe1+ 25. Rxe1 Bf8 26. Nh4 g5 27. fxg5 Ne6 28. Nf5 Re8 29. Kf2 c5 30. dxc5 Nxc5 31. Rd1 Nd3+ 32. Kf3 Ne5+ 33. Kg3 Nc6 34. Bc3 Rd8 35. Bf6 Rd7 36. Kf3 Nb4 37. Rh1 Kg8 38. a3 Nc6 39. Rd1 Kf7 40. g3 Na5 41. Ne3 Ke6 42. Ng2 Nc4 43. Nf4+ Kf7 44. Nd3 Be7 45. b3 Bxf6 46. gxf6 Kxf6 47. bxc4 dxc4 48. Nf2 Rc7 49. Ne4+ Ke5 50. Nc3 b5 51. Rd5+ Ke6 52. Ke4 Rg7 53. g5 Rf7 54. Ne2 Rf1 55. Nd4+ Ke7 56. Nf5+ Ke8 57. Ke5 c3 58. Rc5 Rc1 59. Ke4 Kf7 60. Nd4 Kg6 61. Ne2 Rc2 62. Kd3 Ra2 63. Nf4+ 1-0

[Event "III Menorca Open-A 2024"]
[Site "Ciutadella Menorca"]
[Date "2024.04.04"]
[Round "5.4"]
[White "Van Foreest, Jorden"]
[Black "Krzyzanowski, Marcin"]
[Result "1/2-1/2"]
[ECO "B86"]
[WhiteElo "2672"]
[BlackElo "2510"]
[Annotator "TA"]
[PlyCount "45"]
[EventDate "2024.04.02"]
[EventType "swiss"]
[EventCountry "ESP"]
[SourceTitle "playchess.com"]
[Source "ChessBase"]
[SourceQuality "1"]
[TimeControl "5400+30"]

1. e4 c5 2. Nf3 d6 3. d4 cxd4 4. Nxd4 Nf6 5. Nc3 a6 6. Bc4 e6 7. a4 Be7 8. O-O O-O 9. Be3 {[%emt 0:00:39] The position is equal.} Bd7 10. a5 Nc6 11. Nxc6 Bxc6 12. Re1 Rc8 (12... Bxe4 $2 13. Nxe4 Nxe4 14. Bb6 Nxf2 15. Bxd8 $18 (15. Bxf2 d5 $18) (15. Kxf2 Qc8 $18)) 13. Bf1 Qc7 (13... Bxe4 $2 14. Bb6 Qe8 15. Nxe4 $18) (13... Nxe4 $2 {perishes.} 14. Nxe4 Bxe4 15. Bb6 $18) 14. Ba7 Rfe8 15. h3 d5 16. exd5 Nxd5 17. Nxd5 Bxd5 {[%emt 0:00:08] [#]} 18. c4 Bc6 (18... Bxc4 $2 {is the wrong capture.} 19. Rc1 $18) 19. Qd2 Rcd8 20. Qe3 Rd7 21. Bb6 Qd6 22. b3 h6 23. Ra2 {[%emt 0:19:19] An uneventful encounter.   Weighted Error Value: White=0.06 (flawless) /Black=0.04 (flawless) .  Inaccurate:     	White=1     	---        OK:         	White=5     	Black=4} 1/2-1/2

[Event "III Menorca Open-A 2024"]
[Site "Ciutadella Menorca"]
[Date "2024.04.04"]
[Round "5.5"]
[White "Alekseenko, Kirill"]
[Black "Alexakis, Dimitris"]
[Result "1-0"]
[ECO "B47"]
[WhiteElo "2650"]
[BlackElo "2443"]
[Annotator "TA"]
[PlyCount "79"]
[EventDate "2024.04.02"]
[EventType "swiss"]
[EventCountry "ESP"]
[SourceTitle "playchess.com"]
[Source "ChessBase"]
[SourceQuality "1"]
[TimeControl "5400+30"]

1. e4 c5 2. Nf3 e6 3. d4 cxd4 4. Nxd4 Nc6 5. Nc3 Qc7 6. Ncb5 Qb8 7. Bd3 Nf6 8. O-O {[%emt 0:01:38] The position is equal.} a6 9. Nxc6 bxc6 10. Nd4 e5 11. Ne2 Be7 12. Kh1 O-O 13. f4 d5 14. Ng3 Bd6 15. f5 Qc7 16. Bg5 {[%emt 0:05:05] Hoping for Bxf6.} Be7 17. Bxf6 Bxf6 18. Nh5 Bg5 19. Qf3 Bb7 $2 {[%emt 0:08:52] [#]} (19... d4 $1 $15 {keeps the upper hand.}) 20. h4 $1 Bh6 $11 (20... Bxh4 $2 21. Qg4 $18) (20... Bf6 21. Nxf6+) 21. g4 $36 {[%emt 0:11:47][%mdl 2048] g5 is the strong threat. White is pushing.} f6 22. Rg1 {[%emt 0:04:50][%cal Bf1g1,Bg1g5,Bg5g7][%mdl 32] aiming for g5.} Qe7 $1 {[%emt 0:02:43] [#]} 23. g5 $1 fxg5 24. Qg4 (24. hxg5 $11 {remains equal.} Bxg5 25. Nxg7) 24... g6 $2 {[%emt 0:05:33][%mdl 8192] Black is on the road to losing.} (24... gxh4 $17 {stays on course. White must now prevent ...Kh8.} 25. f6 Rxf6 26. Nxf6+ Qxf6) 25. hxg5 $18 gxh5 26. Qxh5 (26. gxh6+ $2 hxg4 27. Rxg4+ Kh8 $19) 26... Bxg5 (26... Bg7 27. Raf1 Qe8) 27. Rxg5+ Kh8 28. Rag1 Rf7 29. Kh2 Raf8 30. Qg4 Qe8 31. Rg7 Bc8 32. Qg5 (32. Qg3 $142 Qd8 33. f6 (33. Qxe5 $2 {loses.} Qh4+ 34. Kg2 Rxg7+ $19)) 32... Bxf5 33. exf5 {[%emt 0:02:28] Qh6 would kill now.} e4 34. Rxf7 (34. Bxa6 $2 {perishes.} Qe5+ (34... Rxf5 35. Rxh7+ Kxh7 36. Qg7#) 35. Kh3 Rxg7 (35... Qxg7 $2 36. b4 $19) 36. Qxg7+ Qxg7 37. Rxg7 Kxg7 $19) 34... Rxf7 35. Bf1 e3 36. Qf4 c5 {[%emt 0:00:37] Prevents Qd4+} 37. Be2 {[%emt 0:00:55][%cal Oe2h5] Threatening mate with Bh5!} Rf6 38. Rg3 d4 39. Bc4 {[%emt 0:00:41] Intending Qg5 and mate.} e2 40. Qg5 {[%emt 0:00:04] Weighted Error Value: White=0.37/Black=0.85.  Loses game:     	---       	Black=2      Mistake:       	White=3     	Black=1      Inaccurate:     	White=2     	Black=5      OK:         	White=9     	Black=10     Best:        	White=3     	Black=2      Strong:       	---       	Black=1} 1-0

[Event "III Menorca Open-A 2024"]
[Site "Ciutadella Menorca"]
[Date "2024.04.04"]
[Round "5.6"]
[White "Gorshtein, Ido"]
[Black "Warmerdam, Max"]
[Result "0-1"]
[ECO "E71"]
[WhiteElo "2540"]
[BlackElo "2628"]
[Annotator "TA"]
[PlyCount "54"]
[EventDate "2024.04.02"]
[EventType "swiss"]
[EventCountry "ESP"]
[SourceTitle "playchess.com"]
[Source "ChessBase"]
[SourceQuality "1"]
[TimeControl "5400+30"]

1. d4 Nf6 2. c4 g6 3. Nc3 Bg7 4. e4 d6 5. h3 O-O 6. Be3 Na6 7. g4 c6 8. Qd2 Rb8 9. f3 {[%emt 0:00:00] White is slightly better.} Nc7 10. Nge2 b5 11. cxb5 Nxb5 12. Nxb5 Rxb5 13. Ng3 Rb8 14. Rc1 Qb6 15. Rc2 (15. b3 $14 {is more appropriate.}) 15... Nd7 $11 16. h4 c5 17. dxc5 (17. Ne2 $11 {is superior.}) 17... dxc5 $15 {[%emt 0:02:22][%cal Od7e5] Strongly threatening ...Ne5!} 18. Kf2 Rd8 {[%emt 0:07:45][%cal Od7e5] And now ...Ne5! would win.} 19. Kg2 Bxb2 20. h5 (20. Be2 $15) 20... Ne5 $17 21. Qf2 Bd4 22. hxg6 fxg6 23. Be2 Rf8 {[%emt 0:03:12] [#] Hoping for ...Nxg4.} 24. Qg1 Rf7 {[%emt 0:05:51] Threatens to win with ...Ba6.} 25. Rd2 $2 (25. Rxc5 Bxc5 26. Bxc5) 25... Ba6 $19 {[%emt 0:00:54] White must now prevent ...Bxe2. Black is winning.} 26. Bxd4 cxd4 27. Bd1 Rd8 {[%emt 0:03:08] Weighted Error Value: White=0.30/Black=0.09 (flawless) .  Mistake:       	White=4     	---        Inaccurate:     	White=3     	Black=1      OK:         	White=5     	Black=7      Best:        	White=1     	Black=3} 0-1

[Event "III Menorca Open-A 2024"]
[Site "Ciutadella Menorca"]
[Date "2024.04.04"]
[Round "5.7"]
[White "Agmanov, Zhandos"]
[Black "Aryan Chopra"]
[Result "0-1"]
[ECO "B12"]
[WhiteElo "2458"]
[BlackElo "2630"]
[Annotator "TA"]
[PlyCount "76"]
[EventDate "2024.04.02"]
[EventType "swiss"]
[EventCountry "ESP"]
[SourceTitle "playchess.com"]
[Source "ChessBase"]
[SourceQuality "1"]
[TimeControl "5400+30"]

1. e4 c6 2. d4 d5 3. e5 Bf5 4. h4 h5 5. Bd3 Bxd3 6. Qxd3 {[%emt 0:00:05][%cal Oe5e6] Black should prevent e6!} Qa5+ 7. b4 Qa6 {[%emt 0:17:44] [#]} (7... Qxb4+ $142 8. Nd2 e6) 8. e6 $1 $11 {[%emt 0:00:09] White has an edge.} Qxd3 (8... fxe6 $2 {is the wrong capture.} 9. Qg6+ Kd8 10. Nf3 $18 (10. Qxe6 Qc4 $16)) 9. exf7+ Kxf7 10. cxd3 e6 11. Bd2 Nd7 12. Nf3 Be7 13. Bc3 Nh6 14. Nbd2 Bf6 15. Nb3 Ng4 16. Kd2 Nxf2 17. Rhf1 Ng4 18. Ne5+ Ke8 $1 19. Nxd7 Kxd7 20. Nc5+ Kc7 21. Rae1 Rae8 $36 {[%emt 0:02:59][%mdl 2048] Black has some pressure.} 22. g3 b6 23. Nxe6+ Kd6 24. Nf4 Rxe1 25. Rxe1 {[%emt 0:00:10] [#]} (25. Kxe1 $11 g5 26. hxg5 Bxg5 27. Bd2) 25... g5 $1 $17 26. Ng6 (26. Ng2 $142) 26... Rg8 27. Ne5 gxh4 28. gxh4 Bxh4 (28... Nf2 $17 {[%cal Og8g2] aiming for ...Rg2!} 29. Nf7+ Kd7 30. Ne5+ Kc7) 29. Rh1 $15 Bg5+ 30. Ke2 Nf6 31. Kf3 Rf8 {[%emt 0:05:41] Threatens to win with ...Ne4+.} 32. Ng6 Rg8 33. Ne5 Kc7 34. Be1 Kb7 35. a3 Bc1 {[%emt 0:02:07][%cal Oc1b2] Strongly threatening ...Bb2!} 36. a4 Bb2 37. Bf2 {[%emt 0:00:19] [#]} (37. Rh4 $142) 37... Rg5 ({Better is} 37... Bc3 $1 $17 38. Bh4 Ng4 39. Nxc6 a5 (39... Kxc6 40. Rc1 $11)) 38. Rb1 $2 (38. Be3 $15 Rf5+ 39. Ke2) 38... Rf5+ {[%emt 0:00:08] Weighted Error Value: White=0.32/Black=0.14 (very precise) .  Loses game:     	White=1     	---        Mistake:       	White=3     	Black=3      Inaccurate:     	White=3     	---        OK:         	White=14    	Black=11     Best:        	White=2     	Black=5      Strong:       	---       	Black=2} 0-1

[Event "III Menorca Open-A 2024"]
[Site "Ciutadella Menorca"]
[Date "2024.04.04"]
[Round "5.8"]
[White "Dardha, Daniel"]
[Black "Audi Ameya"]
[Result "1-0"]
[ECO "E91"]
[WhiteElo "2628"]
[BlackElo "2387"]
[Annotator "TA"]
[PlyCount "83"]
[EventDate "2024.04.02"]
[EventType "swiss"]
[EventCountry "ESP"]
[SourceTitle "playchess.com"]
[Source "ChessBase"]
[SourceQuality "1"]
[TimeControl "5400+30"]

1. c4 g6 2. Nc3 c5 3. e3 Bg7 4. d4 cxd4 5. exd4 Nf6 6. d5 O-O 7. Nf3 d6 8. Be2 Bg4 9. O-O Nbd7 10. Be3 Qa5 {[%emt 0:10:22] White is slightly better.} 11. Rc1 Rfc8 12. b3 a6 13. Nd4 Bxe2 14. Qxe2 Re8 15. Rfd1 Rac8 16. Bd2 Qc5 17. Be1 Nxd5 $2 18. Nxd5 (18. cxd5 $18 {[%cal Od4e6] Threatens to win with Ne6!} Qa7 (18... Bxd4 $2 19. Qg4 $18) 19. Qd3) 18... e6 $16 19. Nc3 (19. b4 Qa7 $16) 19... Bxd4 20. Ne4 {[%emt 0:00:11] Wards off Nf6} Qe5 {[%emt 0:00:46] [#]} 21. Rxd4 Qxd4 22. Rd1 $1 Qg7 23. Nxd6 Nf8 24. Qf3 $18 {[%emt 0:03:16][%cal Oe1c3] Black must now prevent Bc3!} ({Don't play} 24. Nxe8 Rxe8 25. Qf3 Qe5) 24... f5 25. Bc3 Qe7 26. Qe3 {[%emt 0:05:18][%cal Oe3e5] Intending Qe5! and mate.} g5 27. Nxe8 Rxe8 {[%emt 0:00:03] Black is weak on the dark squares} 28. h3 $40 {[%emt 0:02:48][%mdl 128] White goes for the king. White has more active pieces.} Rd8 29. Rxd8 Qxd8 {[%emt 0:00:03][%mdl 4096] Endgame. KQB-KQN} 30. Qe5 Qe7 {[%emt 0:04:17] [#] Dodges Qg7+} 31. Qh8+ $1 Kf7 32. Bg7 Qa3 {[%emt 0:00:04] [#]} 33. g3 $1 ({Inferior is} 33. Bxf8 Qc1+ 34. Kh2 Qf4+ 35. Kh1 Qc1+ 36. Kh2 Qf4+ 37. Kh1 Qc1+ 38. Kh2 $11) 33... Qc1+ (33... Ke8 $142 34. Kg2 b5 35. cxb5 axb5) 34. Kg2 Nd7 ({Stronger than} 34... Ng6 35. Qxh7 Nf8 36. Bxf8+ Kxf8 37. Qxb7 $18) (34... Qa3 35. Bxf8 Qxf8 36. Qxh7+ Kf6 37. Qxb7 Qa3) 35. Qxh7 {[%emt 0:03:16] White wants to mate with Be5+.} Ke8 (35... Nf8 $142 36. Bxf8+ Kxf8 37. Qxb7 Qa3) 36. Bh6 {[%emt 0:01:29] aiming for Qg6+. White is clearly winning.} Kd8 37. Qg8+ Kc7 38. Bxg5 Qe1 39. Qd8+ Kc6 40. Qc8+ Kd6 41. Qxb7 Qa5 {[%emt 0:01:00] Dodges c5+} 42. b4 {[%emt 0:00:55] Weighted Error Value: White=0.31/Black=0.32.  Loses game:     	---       	Black=1      Mistake:       	White=1     	Black=4      Inaccurate:     	White=1     	---        OK:         	White=13    	Black=12     Best:        	---       	Black=2      Strong:       	White=1     	---        Brilliant:      	White=1     	---} 1-0